 Dungeon Crawl Stone Soup version 0.21-a0-442-g848f44b (webtiles) character file.

420330 theanonym the Severer (level 23, -2/213 HPs)
             Began as a Ghoul Gladiator on Nov 16, 2017.
             Was the Champion of Makhleb.
             Killed from afar by a deep elf sorcerer (24 damage)
             ... with damnation
             ... on level 3 of the Elven Halls.
             The game lasted 03:27:15 (49087 turns).

theanonym the Severer (Ghoul Gladiator)            Turns: 49087, Time: 03:27:16

Health: -2/213     AC: 26    Str: 30    XL:     23   Next: 69%
Magic:  34/34      EV: 15    Int: 13    God:    Makhleb [******]
Gold:   868        SH:  4    Dex: 10    Spells: 16/22 levels left

rFire    + . .     SeeInvis +   a - +5 executioner's axe (chop)
rCold    + + .     Gourm    .   (shield currently unavailable)
rNeg     + + +     Faith    .   A - +1 plate armour {rF+}
rPois    ∞         Spirit   .   U - +0 mask of the Dragon {MR+ Slay+3 SInv}
rElec    .         Reflect  +   y - +1 cloak
rCorr    .         Harm     .   W - +1 pair of gloves "Hipit" {rN+ Str+4}
MR       +++..                  z - +0 pair of boots of Prudence {rN+ Int+3 Slay+6}
Stlth    ..........             Q - +4 amulet of reflection
HPRegen  0.00/turn              e - +5 ring of protection
MPRegen  0.24/turn              C - ring "Kixter" {rC+ MR+ Str-2 Int+7}

@: about to teleport, corroded, very slightly contaminated, rotting
A: rotting body, claws 1, carnivore 3, cold resistance 1, negative energy
resistance 3, inhibited regeneration, torment resistance, unbreathing
}: 2/15 runes: barnacled, gossamer
a: Minor Destruction, Lesser Servant of Makhleb, Major Destruction, Greater
Servant of Makhleb, Renounce Religion


Innate Abilities, Weirdness & Mutations

Your body is rotting away.
You thrive on raw meat.
You are immune to poison.
You have sharp fingernails.
You are carnivorous and can eat meat at any time.
Your flesh is cold resistant. (rC+)
You are immune to negative energy. (rN+++)
You do not regenerate when monsters are visible.
You are immune to unholy pain and torment.
You can survive without breathing.


   Skills:
 + Level 19.4 Fighting
 + Level 20.6 Axes
 - Level 1.7 Throwing
 + Level 15.3 Armour
 + Level 16.4 Dodging
 * Level 17.0 Invocations


You had 16 spell levels left.
You knew the following spells:

 Your Spells              Type           Power        Failure   Level  Hunger
g - Blink                 Tloc           N/A          94%         2    ###....
q - Apportation           Tloc           #.....       86%         1    ##.....
r - Regeneration          Chrm/Necr      #.........   99%         3    ####...

Skill      XL: |  1  2  3  4  5  6  7  8  9 10 11 12 13 14 15 16 17 18 19 20 21 22 23 |
---------------+----------------------------------------------------------------------+-----
Axes           | 3 4 5 7 8 10 11 13 14 15 16 17 18 19 20 | 20.6
Fighting       | 5 7 9 10 11 12 13 14 15 16 17 18 19 | 19.4
Dodging        | 3 5 6 8 9 10 11 12 13 14 15 16 | 16.4
Armour         | 1 4 6 7 8 9 10 11 12 13 14 15 | 15.3
Invocations    | 2 5 7 8 10 11 13 14 15 16 17 | 17.0
Throwing       | |  1.7

Action                   |  1- 3 |  4- 6 |  7- 9 | 10-12 | 13-15 | 16-18 | 19-21 | 22-24 || total
-------------------------+-------+-------+-------+-------+-------+-------+-------+-------++-------
Melee: War axe           |   106 |   219 |   465 |   209 |       |       |       |       ||   999
       Battleaxe         |       |       |       |   539 |  1034 |   999 |  1340 |    19 ||  3931
       Executioner's axe |       |       |       |       |       |       |       |   996 ||   996
Throw: Throwing net      |       |     1 |     3 |     1 |     4 |       |     1 |     1 ||    11
       Javelin           |       |       |     6 |     5 |    27 |       |       |       ||    38
       Tomahawk          |       |       |     1 |       |    30 |    37 |    23 |     8 ||    99
Invok: Lesser Servant of |       |       |       |       |    18 |     9 |    21 |    13 ||    61
       Minor Destruction |       |       |       |       |    14 |       |     6 |     5 ||    25
       Greater Servant o |       |       |       |       |       |       |     2 |     6 ||     8
Evoke: Wand              |       |       |     3 |    14 |    30 |    14 |    11 |     5 ||    77
       Lamp of fire      |       |       |       |       |     1 |       |       |     1 ||     2
  Use: Scroll            |       |     6 |     7 |    14 |    20 |     5 |     7 |    18 ||    77
       Potion            |       |     1 |     1 |     2 |     5 |     2 |     1 |     7 ||    19
 Stab: Held in net/web   |       |     1 |     2 |       |       |     2 |       |       ||     5
       Confused          |       |       |       |     1 |       |     1 |     9 |     4 ||    15
       Paralysed         |       |       |       |       |     2 |       |       |       ||     2
       Distracted        |       |       |       |       |     1 |       |     7 |     9 ||    17
  Eat: Chunk             |     6 |    12 |    34 |    71 |    56 |    59 |   111 |    64 ||   413
       Meat ration       |       |       |       |       |     1 |       |       |       ||     1
Armor: Leather armour    |    43 |    46 |       |       |       |       |       |       ||    89
       Scale mail        |       |    53 |       |       |       |       |       |       ||    53
       Chain mail        |       |    38 |   257 |    38 |       |       |       |       ||   333
       Plate armour      |       |       |       |   435 |   804 |   629 |   574 |   510 ||  2952
       Crystal plate arm |       |       |       |       |       |       |       |   279 ||   279
       Skin              |       |       |       |       |       |       |       |     1 ||     1
Dodge: Dodged            |    78 |   165 |   197 |   312 |   553 |   530 |   564 |   716 ||  3115
Block: Other             |       |       |       |       |     2 |   152 |   155 |   198 ||   507
       Reflection        |       |       |       |       |       |     2 |     8 |    18 ||    28

Inventory:

Hand Weapons
 a - a +5 executioner's axe of chopping (weapon)
   (You subdued it on level 2 of the Elven Halls)
Missiles
 g - 5 poisoned tomahawks (quivered)
 M - 5 throwing nets
Armour
 j - the +1 hat "Xyot" {rPois rCorr}
   (You found it in a treasure trove)

   It protects you from poison.
   It protects you from acid and corrosion.
 y - a +1 cloak (worn)
   (You took it off Crazy Yiuf on level 6 of the Dungeon)
 z - the +0 pair of boots of Prudence (worn) {rN+ Int+3 Slay+6}
   (You found it in a treasure trove)

   It affects your intelligence (+3).
   It affects your accuracy and damage with ranged weapons and melee attacks
   (+6).
   It protects you from negative energy.
 A - a +1 plate armour of fire resistance (worn)
   (You took it off an orc warrior on level 1 of the Orcish Mines)
 R - a +0 pair of boots of flying
   (You found it in a treasure trove)
 U - the +0 mask of the Dragon (worn) {MR+ Slay+3 SInv}
   (You bought it in a shop on level 2 of the Orcish Mines)

   It affects your accuracy and damage with ranged weapons and melee attacks
   (+3).
   It affects your resistance to hostile enchantments.
   It lets you see invisible.
 W - the +1 pair of gloves "Hipit" (worn) {rN+ Str+4}
   (You found it in a treasure trove)

   It affects your strength (+4).
   It protects you from negative energy.
 Z - a +1 crystal plate armour
   (You found it in a treasure trove)
Jewellery
 e - a +5 ring of protection (left hand)
   (You found it on level 10 of the Dungeon)
 w - an uncursed ring of protection from magic {MR+}
   (You found it on level 3 of the Dungeon)
 C - the ring "Kixter" (right hand) {rC+ MR+ Str-2 Int+7}
   (You bought it in a shop on level 1 of the Orcish Mines)

   [ring of protection from magic]

   It affects your strength (-2).
   It affects your intelligence (+7).
   It protects you from cold.
   It affects your resistance to hostile enchantments.
 J - an uncursed ring of fire {rF+, rC-}
   (You found it on level 13 of the Dungeon)
 O - a +5 ring of strength
   (You found it on level 2 of the Shoals)
 P - the ring of Etsampaani {-Tele rElec Dex+3 Slay+5 Stlth-}
   (You bought it in a shop on level 2 of the Orcish Mines)

   [ring of loudness]

   It affects your dexterity (+3).
   It affects your accuracy and damage with ranged weapons and melee attacks
   (+5).
   It insulates you from electricity.
   It prevents most forms of teleportation.
   It makes you less stealthy.
 Q - a +4 amulet of reflection (around neck)
   (You bought it in a shop on level 2 of the Orcish Mines)
Wands
 c - a wand of clouds (2/9)
   (You found it on level 8 of the Dungeon)
 d - a wand of digging (5/24)
   (You found it on level 5 of the Lair of Beasts)
 p - a wand of acid (9/15)
   (You found it on level 3 of the Elven Halls)
 v - a wand of acid (8/15)
   (You found it on level 1 of the Crypt)
 I - a wand of acid (4/15)
   (You found it on level 4 of the Shoals)
Scrolls
 b - 7 scrolls of blinking
 f - 2 scrolls of fog {!r}
 i - 4 scrolls of magic mapping {!r}
 k - 8 scrolls of enchant armour
 n - 4 scrolls of fear {!r}
 r - 6 scrolls of identify
 t - 12 scrolls of teleportation {!r}
 D - 27 scrolls of remove curse
 E - 8 scrolls of amnesia
 H - a scroll of summoning
 N - a scroll of silence
 V - 5 scrolls of immolation
Potions
 l - 8 potions of haste
 m - 22 potions of curing
 o - 7 potions of ambrosia
 q - 10 potions of heal wounds
 u - 5 potions of might
 x - 4 potions of invisibility
 F - 10 potions of brilliance
 K - 6 potions of cancellation
 S - 6 potions of flight
 T - 4 potions of resistance
 Y - 9 potions of agility
Books
 h - a book of Necromancy
   (You found it on level 3 of the Shoals)

   Spells                             Type                      Level
   a - Pain                           Necromancy                   1
   b - Animate Skeleton               Necromancy                   1
   c - Vampiric Draining              Necromancy                   3
   d - Regeneration                   Charms/Necromancy            3
   e - Animate Dead                   Necromancy                   4
   f - Control Undead                 Necromancy                   4
Miscellaneous
 B - 3 phantom mirrors
 G - a lamp of fire
   (You found it in a labyrinth)
Comestibles
 s - 24 royal jellies
 L - 24 meat rations
 X - 8 chunks of flesh

Dungeon Overview and Level Annotations

Branches:
Dungeon (15/15)            Temple (0/1) D:7            Lair (6/6) D:11
 Shoals (4/4) Lair:3       Spider (4/4) Lair:3        Slime (0/5) Lair:6
    Orc (2/2) D:11            Elf (3/3) Orc:2        Vaults (3/5) D:14
  Crypt (3/3) Vaults:2     Depths (3/5) D:15
   Tomb: Crypt:3

Altars:
Ashenzari
Elyvilon
Fedhas
Gozag
Kikubaaqudgha
Makhleb
Ru
Vehumet
Xom
Yredelemnul
Zin
Beogh
Jiyva

Shops:
D:5 [   D:8 *   D:10 %   D:11 !   D:14 :   Orc:1 =   Orc:2 (**==[=   Elf:1 *
Elf:3 [   Shoals:2 *   Shoals:3 *   Depths:3 *!%:[

Portals:
Hell: Depths:1 Depths:2 Depths:3
Abyss: Depths:1
Pandemonium: Depths:3

Annotations:
Vaults:3 Mennas
Crypt:3 Celandrion's ghost, legendary DsHu


You were on level 3 of the Elven Halls.
You worshipped Makhleb.
Makhleb was exalted by your worship.
You were not hungry.

You visited 9 branches of the dungeon, and saw 43 of its levels.
You visited 1 bazaar.
You also visited: Labyrinth, Trove and Ossuary.

You collected 5160 gold pieces.
You spent 4292 gold pieces at shops.


Message History

A deep elf sorcerer comes into view. It is wielding a dagger.
The deep elf archer unwields an uncursed short sword of electrocution.
It stops crackling.
The deep elf archer wields an uncursed runed shortbow.
It bursts into flame!
The deep elf archer shoots an arrow.
The arrow hits you.
The deep elf sorcerer hits you but does no damage.
Things that are here:
an arrow; a dagger; a ring of ice {rC+, rF-} You take 1 damage, and have 212/213 hp.
The deep elf archer shoots an arrow.
The arrow hits you but does no damage.
The deep elf sorcerer gestures at you while chanting.
The bolt of acid hits you! The acid corrodes you!
You are splashed with acid!
The acid burns!
The deep elf archer shoots an arrow.
The arrow hits you! The arrow burns you.
Items here: ( )))) [ † You take 47 damage, and have 165/213 hp.
MASSIVE DAMAGE!!
Items here: )) [[ a long sword; a chain mail; a long sword; a scale mail You now have 868 gold pieces (gained 19).
You see here a rapier.
The deep elf sorcerer gestures at you while chanting.
The sphere of damnation explodes!
The damnation engulfs you!
You hear a shout!
You see here a long sword.
You take 47 damage, and have 119/213 hp.
MASSIVE DAMAGE!!
You hear a shout! x2
The deep elf sorcerer hits you with a long sword.
Things that are here:
a dagger; a rapier You take 6 damage, and have 113/213 hp.
Your plate armour prevents you from hitting the deep elf sorcerer.
You slash the deep elf sorcerer!
The deep elf sorcerer points at you and mumbles some strange words.
The sphere of damnation explodes!
The damnation engulfs you!
* * * LOW HITPOINT WARNING * * *
The damnation engulfs the deep elf sorcerer.
The deep elf sorcerer hits you but does no damage.
You take 54 damage, and have 59/213 hp.
MASSIVE DAMAGE!!
You slice the deep elf sorcerer!!
You kill the deep elf sorcerer!
Makhleb accepts your kill.
You feel better.
You regained 21 hp, and now have 80/213 hp.
You hit the deep elf sorcerer.
The deep elf sorcerer casts a spell at you.
The bolt of acid hits you!
* * * LOW HITPOINT WARNING * * *
The acid corrodes you!
You are splashed with acid!
The acid burns!
* * * LOW HITPOINT WARNING * * *
A deep elf annihilator comes into view. It is wielding a rapier.
You take 45 damage, and have 35/213 hp.
MASSIVE DAMAGE!!
Really read
n - 5 scrolls of fear {!r}?
As you read the scroll of fear {!r}, it crumbles to dust.
You assume a fearsome visage.
The deep elf annihilator resists with almost no effort.
The deep elf sorcerer resists with some effort.
The deep elf archer easily resists.
The deep elf sorcerer mumbles some strange words.
The deep elf sorcerer shimmers violently.
The deep elf annihilator casts a spell.
The deep elf annihilator blinks!
You feel much better.
The deep elf archer shoots an arrow.
The arrow hits you!
* * * LOW HITPOINT WARNING * * *
The arrow burns you.
* * * LOW HITPOINT WARNING * * *
The deep elf sorcerer closely misses you.
You regained 14 hp, and now have 49/213 hp.
Unknown command.
Blink to where?
You are very lightly contaminated with residual magic.
As you read the scroll of blinking, it crumbles to dust.
Really read
f - 3 scrolls of fog {!r}?
As you read the scroll of fog {!r}, it crumbles to dust.
The scroll dissolves into smoke.
There is an open door here.
You close the door.
A demon appears!
You take 4 damage, and have 49/213 hp.
You swap places.
A deep elf sorcerer opens the door.
The deep elf archer shoots an arrow.
The arrow hits your smoke demon!
The deep elf sorcerer gestures wildly while chanting.
The deep elf sorcerer seems to speed up.
The deep elf archer shoots an arrow.
The arrow hits your smoke demon!!
Your smoke demon dies!
Really read
t - 13 scrolls of teleportation {!r}?
As you read the scroll of teleportation {!r}, it crumbles to dust.
You feel strangely unstable.
The deep elf sorcerer casts a spell at you.
The bolt of acid hits you!
* * * LOW HITPOINT WARNING * * *
You are splashed with acid!
The acid burns!
* * * LOW HITPOINT WARNING * * *
The deep elf archer shoots an arrow.
The arrow hits you.
* * * LOW HITPOINT WARNING * * *
The deep elf sorcerer points at you and mumbles some strange words.
The sphere of damnation explodes!
The damnation engulfs you!
You die...

.......#####e§.......#
#...#.. .......#
#§§§......# #######
#.....## ##§......##
##...#'## ##.ee..#'##
######.## ###(####.##
##.## #.# ##.## ##.##
#.# ##.## ##.## #.#
##.## ##.## #@# ##.##
##.###.# ##.## ##.##.#
##.## ##.#.# ##.####
### ##..#### ##.##.
##.## ##....## ##'#.
#...## ##.....## ##..
...<.##
#.......#########..
..8...#
#.......'......'...


You could see a deep elf sorcerer and a deep elf archer.

Notes
Turn   | Place    | Note
-------+----------+-------------------------------------------
     0 | D:1      | theanonym the Ghoul Gladiator began the quest for the Orb.
     0 | D:1      | Reached XP level 1. HP: 17/17 MP: 0/0
    25 | D:1      | HP: 6/17 [kobold/short sword (4)]
    29 | D:1      | HP: 2/17 [goblin/enchanted dagger (2)]
    31 | D:1      | Reached skill level 3 in Axes
   178 | D:1      | Reached XP level 2. HP: 13/24 MP: 1/1
   468 | D:1      | Reached XP level 3. HP: 29/29 MP: 2/2
   923 | D:1      | Reached skill level 4 in Axes
  1473 | D:2      | Reached XP level 4. HP: 36/36 MP: 3/3
  1485 | D:2      | Found an ancient bone altar of Kikubaaqudgha.
  1504 | D:2      | Reached skill level 5 in Axes
  1504 | D:2      | Reached XP level 5. HP: 22/41 MP: 4/4
  1506 | D:2      | HP: 20/41 [vampire bat (2)]
  1511 | D:2      | HP: 19/41 [vampire bat (1)]
  1933 | D:3      | Reached XP level 6. HP: 35/48 MP: 5/5
  1938 | D:3      | Reached skill level 6 in Axes
  2812 | D:4      | Found a glowing silver altar of Zin.
  2816 | D:4      | Found a sacrificial altar of Ru.
  2824 | D:4      | Noticed Eustachio
  2835 | D:4      | Killed Eustachio
  2835 | D:4      | Reached skill level 7 in Axes
  2835 | D:4      | Reached XP level 7. HP: 46/55 MP: 6/6
  2859 | D:4      | Found a sand-covered staircase.
  2872 | Ossuary  | Entered an ossuary
  2888 | Ossuary  | HP: 27/55 [mummy (6)]
  2894 | Ossuary  | HP: 8/55 [mummy (9)]
  2906 | Ossuary  | HP: 16/55 [mummy (5)]
  2912 | Ossuary  | HP: 14/55 [mummy (8)]
  2923 | Ossuary  | HP: 16/55 [centaur zombie (2)]
  2943 | Ossuary  | HP: 6/55 [mummy (8)]
  3221 | Ossuary  | Reached skill level 8 in Axes
  3244 | Ossuary  | HP: 26/52 [mummy (15)]
  3264 | Ossuary  | HP: 20/52 [mummy (8)]
  3603 | Ossuary  | Reached XP level 8. HP: 52/58 MP: 7/7
  4112 | D:4      | Got an ichor-stained ring mail
  4595 | D:5      | Entered Level 5 of the Dungeon
  4607 | D:5      | Reached skill level 9 in Axes
  4790 | D:5      | Identified the +2 ring mail of Enaedaba {Slay+2} (You found it on level 4 of the Dungeon)
  5021 | D:5      | Found Givilim's Antique Armour Emporium.
  5384 | D:5      | Reached skill level 10 in Axes
  5416 | D:5      | Noticed Ijyb
  5434 | D:5      | Killed Ijyb
  5755 | D:6      | Reached XP level 9. HP: 64/67 MP: 8/8
  5849 | D:6      | Reached skill level 3 in Fighting
  5916 | D:6      | Noticed Grinder
  5963 | D:5      | Reached skill level 11 in Axes
  6006 | D:5      | Killed Grinder
  6006 | D:5      | Reached skill level 4 in Fighting
  6043 | D:6      | Noticed Pikel
  6057 | D:5      | Killed Pikel
  6110 | D:6      | Found an opulent altar of Gozag.
  6243 | D:6      | Reached skill level 5 in Fighting
  6320 | D:6      | Found a radiant altar of Vehumet.
  6321 | D:6      | Found a burning altar of Makhleb.
  6421 | D:6      | Became a worshipper of Makhleb the Destroyer
  6462 | D:6      | Found a runed door.
  6552 | D:6      | Noticed Crazy Yiuf
  6558 | D:6      | Killed Crazy Yiuf
  6723 | D:7      | Found a staircase to the Ecumenical Temple.
  6745 | D:7      | Reached XP level 10. HP: 79/81 MP: 9/9
  6763 | D:7      | Reached skill level 12 in Axes
  6950 | D:7      | Noticed Prince Ribbit
  6961 | D:7      | Killed Prince Ribbit
  6961 | D:7      | Reached skill level 6 in Fighting
  7051 | D:7      | HP: 40/83 [hippogriff (5)]
  7073 | D:7      | HP: 41/83 [orc warrior/long sword of holy wrath (13)]
  8024 | D:8      | Reached * piety under Makhleb
  8162 | D:8      | Reached skill level 7 in Fighting
  8210 | D:8      | Found Cusoc's Assorted Antiques.
  8227 | D:8      | Bought a scroll of identify for 62 gold pieces
  8359 | D:8      | Reached ** piety under Makhleb
  8547 | D:9      | Reached skill level 13 in Axes
  8639 | D:9      | HP: 42/86 [troll (9)]
  8833 | D:9      | Reached XP level 11. HP: 94/94 MP: 10/10
  8836 | D:9      | Reached skill level 8 in Fighting
  8995 | D:9      | Noticed a two-headed ogre
  9016 | D:9      | Killed a two-headed ogre
  9028 | D:9      | Found a white marble altar of Elyvilon.
  9028 | D:9      | Found a shattered altar of Ashenzari.
  9034 | D:9      | Found a blossoming altar of Fedhas.
  9272 | D:9      | Reached *** piety under Makhleb
  9349 | D:10     | Entered Level 10 of the Dungeon
  9481 | D:10     | Noticed Urug
  9491 | D:10     | HP: 38/95 [Urug/enchanted double sword (10)]
  9494 | D:10     | Killed Urug
  9494 | D:10     | Reached skill level 14 in Axes
  9503 | D:10     | Reached skill level 9 in Fighting
  9821 | D:10     | Found Minofet's Food Boutique.
 10122 | D:11     | Noticed a purple ugly thing
 10135 | D:11     | Killed a purple ugly thing
 10140 | D:11     | Found a staircase to the Lair.
 10180 | D:11     | Reached skill level 3 in Dodging
 10221 | D:11     | Found Lianasule's Distillery.
 10226 | D:11     | Reached skill level 1 in Armour
 10229 | D:11     | Reached **** piety under Makhleb
 10229 | D:11     | Reached skill level 1 in Invocations
 10255 | D:11     | Bought a potion of heal wounds for 65 gold pieces
 10255 | D:11     | Bought a potion of heal wounds for 65 gold pieces
 10314 | D:11     | Reached skill level 2 in Invocations
 10330 | D:11     | Reached XP level 12. HP: 92/106 MP: 12/12
 10337 | D:11     | Reached skill level 2 in Armour
 10337 | D:11     | Reached skill level 3 in Invocations
 10489 | D:11     | Found a staircase to the Orcish Mines.
 10628 | Orc:1    | Entered Level 1 of the Orcish Mines
 10647 | Orc:1    | Found Pypahepe's Jewellery Shop.
 10716 | Orc:1    | Found a roughly hewn altar of Beogh.
 10740 | Orc:1    | Reached skill level 4 in Invocations
 10755 | Orc:1    | Noticed an orc warlord
 10843 | Lair:1   | Entered Level 1 of the Lair of Beasts
 10855 | Lair:1   | Noticed Fannar
 10885 | Lair:1   | Killed Fannar
 10885 | Lair:1   | Reached skill level 4 in Dodging
 11099 | Lair:1   | Reached skill level 10 in Fighting
 11193 | Lair:1   | Reached skill level 3 in Armour
 11484 | Lair:1   | Noticed Nergalle
 11507 | Lair:1   | Killed Nergalle
 11507 | Lair:1   | Reached skill level 5 in Invocations
 11636 | Lair:2   | Noticed an eight-headed hydra
 11656 | Lair:2   | Killed a 16-headed hydra
 11656 | Lair:2   | Reached ***** piety under Makhleb
 11663 | Lair:2   | HP: 51/106 [basilisk (3)]
 11667 | Lair:2   | Reached skill level 15 in Axes
 11672 | Lair:2   | HP: 44/106 [crocodile (1)]
 11966 | Lair:2   | Reached skill level 5 in Dodging
 12134 | Lair:2   | Reached skill level 4 in Armour
 12693 | Lair:3   | Learned a level 2 spell: Blink
 12732 | Lair:3   | Reached XP level 13. HP: 114/114 MP: 15/15
 13778 | D:13     | Reached skill level 11 in Fighting
 13946 | D:13     | Reached skill level 5 in Armour
 14508 | D:14     | Reached skill level 6 in Dodging
 14536 | D:14     | Noticed Josephine
 14670 | D:14     | Found Odasham's Book Shoppe.
 14724 | D:14     | Reached skill level 16 in Axes
 14807 | D:14     | Killed Josephine
 15028 | D:14     | Found a gate to the Vaults.
 15163 | D:14     | Reached skill level 6 in Armour
 15237 | D:14     | Noticed Sonja
 15254 | D:14     | Killed Sonja
 15428 | D:15     | Entered Level 15 of the Dungeon
 15545 | D:15     | Reached XP level 14. HP: 125/125 MP: 16/16
 15571 | D:15     | HP: 54/125 [skeletal warrior/enchanted halberd[a skeletal warrior] (14)]
 15932 | D:15     | HP: 53/123 [nine-headed hydra (5)]
 15939 | D:15     | HP: 31/123 [centaur warrior/arrow (2)]
 15944 | D:15     | HP: 22/123 [centaur warrior/arrow (5)]
 15944 | D:15     | Reached skill level 7 in Dodging
 16889 | Lair:3   | Found a hole to the Spider Nest.
 17392 | Lair:3   | Got a heavily runed scale mail
 17448 | Lair:3   | Found a staircase to the Shoals.
 17454 | Lair:3   | Found an ancient bone altar of Kikubaaqudgha.
 17523 | Lair:2   | HP: 59/118 [seven-headed hydra (4)]
 18424 | D:15     | Reached skill level 12 in Fighting
 18472 | D:15     | Got a faintly glowing tin amulet
 18473 | D:15     | Identified the amulet "Arghutetz" {Regen+ Int+4 Dex+3} (You took it off an orc on level 15 of the Dungeon)
 18487 | D:15     | HP: 62/125 [five-headed hydra (8)]
 18492 | D:15     | HP: 49/125 [five-headed hydra (2)]
 18655 | D:15     | Found a glowing silver altar of Zin.
 18655 | D:15     | Noticed an angel
 18752 | D:15     | Found a portal to a secret trove of treasure.
 18895 | D:15     | HP: 58/126 [ettin/dire flail of distortion (16)]
 19176 | D:15     | Reached skill level 7 in Armour
 19364 | D:15     | Found a staircase to the Depths.
 19623 | Lair:4   | Found a labyrinth entrance.
 19636 | Lab      | Entered a labyrinth
 20289 | Lair:4   | Reached skill level 8 in Dodging
 20412 | Lair:4   | Reached skill level 17 in Axes
 21005 | Lair:5   | Reached XP level 15. HP: 122/134 MP: 17/17
 21676 | Lair:6   | Entered Level 6 of the Lair of Beasts
 21697 | Lair:6   | Reached skill level 8 in Armour
 21796 | Lair:6   | Reached skill level 13 in Fighting
 21998 | Lair:6   | Reached skill level 6 in Invocations
 22246 | Lair:6   | Found a staircase to the Slime Pits.
 22247 | Lair:6   | Found a viscous altar of Jiyva.
 22353 | Lair:6   | Reached ****** piety under Makhleb
 22902 | Orc:1    | Killed an orc warlord
 23020 | Orc:1    | Found a roughly hewn altar of Beogh.
 23162 | Orc:2    | Entered Level 2 of the Orcish Mines
 23162 | Orc:2    | Found a staircase to the Elven Halls.
 23354 | Orc:2    | Found Taorod's Assorted Antiques.
 23363 | Orc:2    | Bought the +0 mask of the Dragon {MR+ Slay+3 SInv} for 901 gold pieces
 23363 | Orc:2    | Found the +0 mask of the Dragon {MR+ Slay+3 SInv}
 23404 | Orc:2    | Reached skill level 9 in Dodging
 23438 | Orc:2    | HP: 59/136 [cyclops/large rock (31)]
 23443 | Orc:2    | HP: 20/136 [ogre mage/crystal spear (16)]
 23656 | Orc:2    | Found Vireatyh's Jewellery Boutique.
 23728 | Orc:2    | Found Nuvoon's Armour Boutique.
 23942 | Orc:2    | Reached skill level 7 in Invocations
 23971 | Orc:2    | Found Ujupa's Jewellery Emporium.
 23979 | Orc:2    | Found Himm's Antique Weapon Shoppe.
 23985 | Orc:2    | Found Leptag's Jewellery Boutique.
 24021 | Orc:2    | Bought the ring of Etsampaani {-Tele rElec Dex+3 Slay+5 Stlth-} for 648 gold pieces
 24021 | Orc:2    | Bought a +4 amulet of reflection for 405 gold pieces
 24032 | Orc:2    | Found Xorameog's General Store.
 24212 | Spider:1 | Entered Level 1 of the Spider Nest
 24218 | Spider:1 | Reached XP level 16. HP: 144/144 MP: 20/20
 24240 | Spider:1 | Reached skill level 18 in Axes
 24265 | Spider:1 | Noticed Nikola
 24267 | Spider:1 | Reached skill level 9 in Armour
 24289 | Spider:1 | Killed Nikola
 24942 | Spider:2 | Reached skill level 8 in Invocations
 24964 | Spider:2 | Noticed Kirke
 24974 | Spider:2 | Killed Kirke
 25450 | Orc:1    | Bought the ring "Kixter" {rC+ MR+ Str-2 Int+7} for 544 gold pieces
 25612 | Spider:3 | Reached skill level 14 in Fighting
 25759 | Spider:3 | Reached skill level 10 in Dodging
 26743 | Spider:4 | Entered Level 4 of the Spider Nest
 26821 | Spider:4 | Reached XP level 17. HP: 152/152 MP: 22/22
 26873 | Spider:4 | Reached skill level 9 in Invocations
 26969 | Spider:4 | Reached skill level 10 in Armour
 27431 | Spider:4 | Reached skill level 19 in Axes
 27974 | Spider:4 | HP: 72/154 [emperor scorpion (11)]
 28003 | Spider:4 | Got a gossamer rune of Zot
 28258 | Elf:1    | Entered Level 1 of the Elven Halls
 28266 | Elf:1    | Reached skill level 10 in Invocations
 28391 | Elf:1    | HP: 67/154 [trident of venom (11)]
 28396 | Elf:1    | HP: 37/154 [trident of venom (9)]
 28398 | Elf:1    | HP: 15/154 [trident of venom (9)]
 28416 | Elf:1    | HP: 19/154 [deep elf knight/arrow (10)]
 28419 | Elf:1    | Found Akhluutu's General Store.
 28577 | Elf:1    | Reached skill level 15 in Fighting
 28590 | Elf:1    | Bought a potion of might for 52 gold pieces
 28590 | Elf:1    | Bought a scroll of blinking for 97 gold pieces
 28590 | Elf:1    | Bought a scroll of blinking for 97 gold pieces
 29070 | Elf:1    | Reached XP level 18. HP: 163/163 MP: 24/24
 29101 | Elf:1    | Noticed a Brimstone Fiend
 29530 | Depths:1 | Entered Level 1 of the Depths
 29561 | Depths:1 | Reached skill level 11 in Armour
 29612 | Depths:1 | Found a gateway to Hell.
 29652 | Depths:1 | Found a one-way gate to the infinite horrors of the Abyss.
 30096 | Depths:1 | Reached skill level 11 in Invocations
 30307 | Depths:1 | Found a shimmering altar of Xom.
 30439 | Depths:1 | HP: 79/163 [yaktaur captain (15)]
 30734 | Depths:2 | Reached skill level 20 in Axes
 30814 | Depths:2 | Reached skill level 11 in Dodging
 30976 | Depths:2 | Noticed a lich
 30986 | Depths:2 | Killed a lich
 30988 | Depths:2 | Paralysed by a floating eye for 2 turns
 31001 | Depths:2 | Reached XP level 19. HP: 138/172 MP: 26/26
 31012 | Depths:2 | HP: 82/172 [fire giant/great sword of flaming (5)]
 31017 | Depths:2 | HP: 76/172 [shadow dragon (5)]
 31025 | Depths:2 | HP: 58/172 [shadow dragon (10)]
 31057 | Depths:2 | Reached skill level 16 in Fighting
 31082 | Depths:2 | Identified Neidoum's Catalogue of Black Rites and Orientation
 31088 | Depths:2 | Learned a level 3 spell: Regeneration
 31324 | Depths:2 | Reached skill level 12 in Invocations
 31516 | Depths:2 | Reached skill level 12 in Armour
 31946 | Depths:3 | HP: 74/171 [frost giant/bolt of cold (14)]
 31962 | Depths:3 | HP: 81/172 [vampire knight/enchanted great sword (8)]
 32181 | Depths:3 | HP: 71/174 [frost giant/battleaxe of freezing (26)]
 32288 | Depths:3 | Reached skill level 12 in Dodging
 32433 | Depths:3 | Found Gyjaun's Assorted Antiques.
 32458 | Depths:3 | Noticed a lich
 32483 | Depths:3 | Killed a lich
 32657 | Depths:3 | Found a one-way gate leading to the halls of Pandemonium.
 32704 | Depths:3 | Reached skill level 13 in Invocations
 32708 | Depths:3 | Found Uniblaem's Food Shoppe.
 32736 | Depths:3 | Reached XP level 20. HP: 183/183 MP: 28/28
 32755 | Depths:3 | Found Gaarrij's Distillery.
 32774 | Depths:3 | Bought a potion of heal wounds for 85 gold pieces
 32778 | Depths:3 | Found Kotzaon's Armour Boutique.
 32802 | Depths:3 | Found Nacur's Book Shoppe.
 33163 | Depths:3 | Reached skill level 17 in Fighting
 33173 | Depths:3 | Learned a level 1 spell: Apportation
 33317 | Depths:3 | Noticed Sojobo
 33363 | Depths:2 | Killed Sojobo
 33363 | Depths:2 | Reached skill level 13 in Armour
 33799 | Vaults:1 | Entered Level 1 of the Vaults
 34207 | Vaults:1 | Reached skill level 13 in Dodging
 34225 | Vaults:1 | Reached skill level 14 in Invocations
 34804 | Vaults:1 | Reached XP level 21. HP: 193/193 MP: 30/30
 36209 | Vaults:2 | Reached skill level 18 in Fighting
 36578 | Vaults:2 | Found a staircase to the Crypt.
 36578 | Vaults:2 | Found an ancient bone altar of Kikubaaqudgha.
 36580 | Vaults:2 | Found a basalt altar of Yredelemnul.
 36965 | Crypt:1  | Entered Level 1 of the Crypt
 37021 | Crypt:1  | Reached skill level 14 in Dodging
 37033 | Crypt:1  | Reached skill level 14 in Armour
 37709 | Crypt:1  | Noticed Margery
 37744 | Crypt:1  | Killed Margery
 38170 | Crypt:1  | Reached skill level 15 in Invocations
 39103 | Elf:2    | Found the ring of the Mage {Wiz MR++ Int+3}
 39300 | Elf:2    | Found a runed gate.
 39300 | Elf:2    | Found a runed gate.
 39300 | Elf:2    | Found a runed gate.
 39546 | Elf:2    | Reached XP level 22. HP: 122/203 MP: 32/32
 39573 | Elf:2    | HP: 95/203 [deep elf knight (5)]
 39582 | Elf:2    | HP: 86/203 [halberd of freezing (5)]
 39587 | Elf:2    | HP: 57/203 [halberd of freezing (12)]
 39644 | Elf:2    | HP: 96/203 [deep elf knight/shard of ice (16)]
 40182 | Elf:3    | Entered Level 3 of the Elven Halls
 40189 | Elf:3    | Reached skill level 15 in Dodging
 40198 | Elf:3    | theanonym: ??drain
 40198 | Elf:3    | beem: drain[1/4]: Reduces your skills until you gain more XP (no long-term effect). Press m to see how much your skills got drained. A potion of experience does not end the effect.
 40198 | Elf:3    | theanonym: ??drain 2
 40198 | Elf:3    | beem: I don't have a page labeled drain_2 in my learndb.
 40198 | Elf:3    | theanonym: ??drain[2
 40198 | Elf:3    | beem: draining brand[1/2]: 1/2 chance of doing an additional (dam/4 + 3) damage (on average) and applying a debuff that reduces HD and is stackable, refreshable, and lasts 20-30 turns. Checks rN and only works against natural enemies. Disliked by good gods.
 40198 | Elf:3    | theanonym: ??drain3
 40198 | Elf:3    | beem: drain3 ~ drain[1/4]: Reduces your skills until you gain more XP (no long-term effect). Press m to see how much your skills got drained. A potion of experience does not end the effect.
 40198 | Elf:3    | theanonym: ??drain[3
 40198 | Elf:3    | beem: *drain[1/1]: A randart property which drains you (ignoring rN) when you unequip it.
 40502 | Elf:3    | Found Ypriv's Antique Armour Shoppe.
 41610 | Crypt:3  | Entered Level 3 of the Crypt
 41615 | Crypt:3  | Noticed Saint Roka
 41704 | Crypt:2  | HP: 97/204 [Saint Roka/divine providence (10)]
 41708 | Crypt:2  | Killed Saint Roka
 42169 | Crypt:3  | Noticed Jory
 42180 | Crypt:3  | HP: 98/203 [Jory/great sword of slicing (5)]
 43187 | Crypt:3  | Killed Jory
 43228 | Crypt:3  | Noticed Celandrion's ghost (legendary DsHu)
 43237 | Crypt:3  | HP: 100/204 [Celandrion's ghost (3)]
 43244 | Crypt:3  | HP: 74/204 [phantasmal warrior (10)]
 43551 | Vaults:3 | Found a flickering gateway to a bazaar.
 43563 | Bazaar   | Entered a bazaar
 43569 | Bazaar   | Found Xocublig's Book Shoppe.
 43578 | Bazaar   | Found Cuen's Distillery.
 43579 | Bazaar   | Found Nonunt's Assorted Antiques.
 43587 | Bazaar   | Found Wizay's Weapon Emporium.
 43691 | Bazaar   | Bought a scroll of magic mapping for 77 gold pieces
 43691 | Bazaar   | Bought a potion of heal wounds for 110 gold pieces
 43691 | Bazaar   | Bought a polished plate armour for 616 gold pieces
 43691 | Bazaar   | Identified the +3 plate armour of Limited Liability {-Cast rPois Dex+4} (You bought it in a shop in a bazaar)
 43702 | Bazaar   | Bought a potion of heal wounds for 35 gold pieces
 43702 | Bazaar   | Bought a potion of might for 28 gold pieces
 43702 | Bazaar   | Bought a potion of resistance for 70 gold pieces
 43702 | Bazaar   | Bought a potion of heal wounds for 35 gold pieces
 43921 | Vaults:2 | theanonym: !lg celandrion !win place=crypt:3
 43921 | Vaults:2 | beem: 1. Celandrion the Slayer (L27 DsHu of Makhleb), slain by a five-headed hydra simulacrum (summoned by a curse skull) on Crypt:3 on 2017-11-16 02:45:29, with 776406 points after 97298 turns and 5:05:56.
 44220 | Shoals:1 | Entered Level 1 of the Shoals
 44368 | Shoals:1 | theanonym: !lg celandrion !win place=crypt:3 -log
 44368 | Shoals:1 | beem: 1. Celandrion, XL27 DsHu, T:97298: http://crawl.xtahua.com/crawl/morgue/Celandrion/morgue-Celandrion-20171116-024529.txt
 44368 | Shoals:1 | theanonym: !lg * killer=theanonym's_ghost
 44368 | Shoals:1 | beem: 8. Typee the Thaumaturge (L12 GnSk of Wu Jian), annihilated by theanonym's ghost on D:11 on 2017-11-16 08:24:51, with 13668 points after 10417 turns and 1:12:45.
 44368 | Shoals:1 | theanonym: !lg * killer=theanonym's_ghost -log
 44368 | Shoals:1 | beem: 8. Typee, XL12 GnSk, T:10417: http://crawl.xtahua.com/crawl/morgue/Typee/morgue-Typee-20171116-082451.txt
 44500 | Shoals:1 | Reached skill level 19 in Fighting
 44638 | Shoals:1 | Reached skill level 16 in Invocations
 44850 | Shoals:2 | You fall through a shaft!
 44863 | Shoals:3 | Noticed Louise
 44904 | Shoals:3 | Killed Louise
 45117 | Shoals:3 | Found Bunaam's Island Escapes.
 45121 | Shoals:2 | Found Puynut's General Store.
 45228 | Shoals:2 | Reached XP level 23. HP: 211/213 MP: 34/34
 45232 | Shoals:2 | Reached skill level 16 in Dodging
 45254 | Shoals:2 | Reached skill level 15 in Armour
 46017 | D:15     | You paid a toll of a +6 demon trident to enter a treasure trove
 46018 | Trove    | Entered a treasure trove
 46067 | Trove    | Got a pair of scorched gloves
 46078 | Trove    | Identified the +1 pair of gloves "Hipit" {rN+ Str+4} (You found it in a treasure trove)
 46107 | Trove    | Found the +2 pair of boots of the Assassin {Detection Stab+ Stlth++}
 46111 | Trove    | Got a scorched hat
 46113 | Trove    | Got a pair of spiked boots
 46124 | Trove    | Identified the +1 hat "Xyot" {rPois rCorr} (You found it in a treasure trove)
 46174 | Trove    | Got a pair of encrusted gloves
 46185 | Trove    | Identified the -2 pair of gloves of Life {Dex+3} (You found it in a treasure trove)
 46228 | D:15     | Identified the +0 pair of boots of Prudence {rN+ Int+3 Slay+6} (You found it in a treasure trove)
 46965 | Shoals:3 | Bought a scroll of blinking for 150 gold pieces
 46965 | Shoals:3 | Bought a scroll of blinking for 150 gold pieces
 47473 | Shoals:4 | Entered Level 4 of the Shoals
 47855 | Shoals:4 | Noticed Ilsuiw
 47901 | Shoals:4 | Killed Ilsuiw
 48407 | Shoals:4 | Got a barnacled rune of Zot
 49005 | Elf:3    | theanonym: !lg win urune=15 gh maxskills=shields
 49005 | Elf:3    | beem: No games for win (urune=15 gh maxskills=shields).
 49005 | Elf:3    | theanonym: !lg win urune=15 race=gh maxskills=shields
 49005 | Elf:3    | beem: No games for win (urune=15 race=gh maxskills=shields).
 49005 | Elf:3    | theanonym: !lg win urune=15 race=gh maxskills=shield
 49005 | Elf:3    | beem: No games for win (urune=15 race=gh maxskills=shield).
 49005 | Elf:3    | theanonym: !lg win urune=15 race=gh maxskills=~shield
 49005 | Elf:3    | beem: No games for win (urune=15 race=gh maxskills=~shield).
 49005 | Elf:3    | theanonym: !lg win urune=15 race=gh
 49005 | Elf:3    | beem: No games for win (urune=15 race=gh).
 49005 | Elf:3    | theanonym: !lg * win urune=15 race=gh maxskills=shields
 49005 | Elf:3    | beem: 111. astranger the Conqueror (L27 GhSk of Kikubaaqudgha), escaped with the Orb and 15 runes on 2017-11-14 07:19:12, with 11630391 points after 142755 turns and 19:18:52.
 49005 | Elf:3    | theanonym: !lg * win urune=15 race=gh maxskills!=shields
 49005 | Elf:3    | beem: 281. theanonym the Intangible (L27 GhFi of Makhleb), escaped with the Orb and 15 runes on 2017-11-12 19:04:35, with 17244637 points after 90209 turns and 7:42:48.
 49005 | Elf:3    | theanonym: !lg * win urune=15 race=gh maxskills!=shields -log
 49005 | Elf:3    | beem: 281. theanonym, XL27 GhFi, T:90209: http://crawl.xtahua.com/crawl/morgue/theanonym/morgue-theanonym-20171112-190435.txt
 49005 | Elf:3    | theanonym: !lg * win urune=15 race=gh fifsk!=shields -log
 49005 | Elf:3    | beem: 125. GoodDemon3, XL27 GhFi, T:121842: http://crawl.berotato.org/crawl/morgue/GoodDemon3/morgue-GoodDemon3-20171031-033658.txt
 49016 | Elf:3    | Reached skill level 17 in Invocations
 49069 | Elf:3    | HP: 59/213 [deep elf sorcerer/damnation (54)]
 49087 | Elf:3    | HP: 39/213 [deep elf sorcerer/bolt of acid (11)]
 49087 | Elf:3    | Killed from afar by a deep elf sorcerer

Vanquished Creatures
  Sojobo (Depths:2)
  Saint Roka (Crypt:2)
  Margery (Crypt:1)
  Nikola (Spider:1)
  Jory (Crypt:3)
  A lich (Depths:3)
  A deep elf blademaster (Elf:3)
  An ancient champion (Crypt:1)
  A sphinx (Depths:2)
  Kirke (Spider:2)
  A shadow dragon (Depths:2)
  2 tengu reavers
  3 fire giants
  2 ghost moths (Spider:4)
  Ilsuiw (Shoals:4)
  Louise (Shoals:3)
  A curse skull (Crypt:1)
  5 vault wardens
  5 deep elf sorcerers
  5 emperor scorpions
  11 frost giants
  2 deep elf elementalists (Elf:3)
  4 ironheart preservers
  A caustic shrike zombie (Depths:2)
  10 stone giants
  2 ghouls (Crypt:1)
  A reaper (Crypt:3)
  4 vampire knights
  8 deep elf demonologists
  4 entropy weavers (Spider:4)
  2 deep elf annihilators (Elf:3)
  10 eidola
  5 ettins
  6 deep elf death magi
  A merfolk javelineer (Shoals:2)
  Josephine (D:14)
  8 merfolk impalers
  A minotaur (Lab)
  4 fire dragons
  A jiangshi (Crypt:1)
  5 deep elf high priests
  5 yaktaur captains
  2 quicksilver dragon skeletons (Crypt:1)
  3 rakshasas
  Fannar (Lair:1)
  7 ice dragons
  7 hydras
  5 great orbs of eyes
  2 spriggan air magi
  2 merfolk avatars
  7 centaur warriors
  13 ogre magi
  2 death knights
  5 merfolk aquamancers (Shoals:4)
  39 two-headed ogres
  9 deep troll shamans
  6 vampire magi
  3 satyrs
  A queen ant (Spider:4)
  2 tengu warriors
  28 dancing weapons
  10 deep troll earth magi
  2 small abominations (Elf:3)
  Urug (D:10)
  3 spriggan berserkers
  Nergalle (Lair:1)
  2 storm dragon zombies
  24 deep elf knights
  A soul eater (Crypt:1)
  Sonja (D:14)
  6 hell knights (Crypt:1)
  A shadow wraith (Crypt:2)
  3 iron trolls (Depths:3)
  A salamander mystic (Depths:1)
  5 flayed ghosts
  3 glowing orange brains
  8 skeletal warriors
  A storm dragon skeleton (Crypt:3)
  8 unseen horrors
  25 deep trolls
  14 sea snakes
  10 ironbrand convokers
  12 orc knights
  15 deep elf archers
  4 wizards
  10 phantasmal warriors
  A sphinx zombie (Crypt:2)
  Pikel (D:5)
  A wolf spider zombie (D:15)
  11 necromancers
  An iron dragon zombie (Crypt:2)
  A fire giant zombie (Crypt:1)
  14 orb spiders
  16 harpies
  3 oklob plants (Lair:5)
  46 wolf spiders
  14 manticores
  5 orc sorcerers
  37 ugly things
  A moth of wrath (Spider:4)
  11 cyclopes
  61 deep elf magi
  5 salamanders (Depths:1)
  A fire giant skeleton (Depths:1)
  A salamander (shapeshifter) (Elf:1)
  8 merfolk sirens
  A stone giant skeleton (Depths:1)
  7 fauns
  12 elephants
  2 rust devils
  5 water nymphs
  3 iron dragon skeletons
  2 frost giant skeletons
  5 vault sentinels
  6 black mambas
  A titan simulacrum (Crypt:1)
  An orange demon (Depths:3)
  A spiny frog (shapeshifter) (Depths:2)
  2 gargoyles
  An emperor scorpion zombie (Crypt:2)
  21 spiny frogs
  5 rime drakes
  An elf zombie (Depths:2)
  6 hellwings
  A tormentor (Depths:3)
  An efreet (D:13)
  3 freezing wraiths
  14 demonic crawlers
  A tengu conjurer (Depths:2)
  32 yaktaurs
  3 harpy zombies (Shoals:4)
  5 komodo dragons
  A catoblepas skeleton (Crypt:1)
  A human skeleton (Vaults:1)
  42 jumping spiders
  13 trolls
  3 meliai (D:15)
  A polar bear (Lair:4)
  A troll (shapeshifter) (Depths:1)
  3 tyrant leeches (Lair:6)
  Prince Ribbit (D:7)
  A queen bee (D:13)
  10 hornets
  A wind drake (shapeshifter) (Depths:3)
  Grinder (D:5)
  39 merfolk
  6 slime creatures (Vaults:2)
  A dream sheep (Shoals:4)
  A hornet (shapeshifter) (Depths:3)
  10 hippogriffs
  8 wind drakes
  9 snapping turtles
  An ice dragon zombie (Crypt:1)
  18 blink frogs
  A stone giant simulacrum (Vaults:1)
  4 air elementals
  An alligator skeleton (Crypt:2)
  5 flying skulls (Crypt:1)
  46 redbacks
  3 vampires
  3 spriggans
  An ice dragon skeleton (Crypt:3)
  An ushabti (Crypt:3)
  2 redbacks (shapeshifter)
  10 water elementals
  4 fire elementals
  12 wraiths
  36 yaks
  28 tarantellas
  2 basilisks
  3 hogs (Spider:2)
  3 wyverns
  3 steam dragons (Shoals:1)
  2 hungry ghosts
  6 vampire mosquitoes (Lair:6)
  Eustachio (D:4)
  14 soldier ants (Spider:4)
  11 wargs
  4 acid dragons
  A swamp worm (shapeshifter) (Vaults:1)
  13 water moccasins
  8 porcupines
  32 orc warriors
  4 sky beasts
  6 ice beasts
  2 slaves
  4 black bears
  An eye of draining (shapeshifter) (Depths:3)
  A phantom (D:8)
  3 eyes of draining
  7 necrophages
  51 ogres
  11 boggarts
  A snapping turtle skeleton (Crypt:1)
  9 centaurs
  10 wolves
  15 crocodiles
  A hippogriff zombie (Shoals:4)
  3 big kobolds
  A rime drake zombie (Crypt:1)
  22 bullfrogs
  2 gnoll sergeants
  A cyclops zombie (Crypt:2)
  2 earth elementals
  A glowing shapeshifter simulacrum (Depths:2)
  6 wyvern skeletons (Crypt:3)
  A cyclops skeleton (Crypt:2)
  2 scorpions
  An orc simulacrum (Vaults:1)
  16 killer bees (D:13)
  A warg skeleton (Crypt:2)
  5 electric eels
  3 vampire bats (D:2)
  10 wights
  A polar bear skeleton (Crypt:1)
  9 centaur zombies
  2 howler monkeys
  7 crimson imps
  4 bullfrog zombies
  4 jellies
  4 hounds
  Crazy Yiuf (D:6)
  21 orc priests
  4 bullfrog skeletons
  3 iguanas
  4 centaur skeletons
  Ijyb (D:5)
  19 orc wizards
  22 worker ants
  A killer bee zombie (Ossuary)
  An acid dragon skeleton (Crypt:1)
  A demigod skeleton (Crypt:1)
  3 hound zombies
  2 hound skeletons
  17 mummies
  2 worker ant zombies
  16 gnolls
  13 adders
  3 shadow imps
  3 oozes
  An adder zombie (D:7)
  4 adder skeletons
  3 worms
  2 dart slugs
  4 leopard geckos
  84 orcs
  3 ball pythons
  3 bat skeletons (D:2)
  4 bat zombies
  5 giant cockroaches
  8 goblins
  10 hobgoblins
  3 jackals (D:9)
  4 quokkas
  A ball python zombie (Ossuary)
  12 bats
  A frilled lizard (shapeshifter) (Depths:2)
  13 frilled lizards
  A giant cockroach zombie (Ossuary)
  A goblin zombie (D:4)
  A jackal skeleton (D:5)
  A jackal zombie (D:7)
  21 kobolds
  A leopard gecko zombie (Ossuary)
  An orc zombie (D:4)
  9 rats
  3 crawling corpses (Elf:3)
  2 fungi
  27 plants
  A withered plant (Crypt:3)
1865 creatures vanquished.

Vanquished Creatures (collateral kills)
  A lich (Depths:2)
  An orc warlord (Orc:1)
  A ghoul (Crypt:1)
  A stone giant (Depths:3)
  2 merfolk javelineers (Shoals:4)
  2 merfolk impalers (Shoals:3)
  A great orb of eyes (Vaults:1)
  4 hydras
  An ogre mage (Vaults:1)
  A merfolk aquamancer (Shoals:4)
  A deep troll (Depths:3)
  2 harpies (Shoals:4)
  A faun (Shoals:3)
  A frost giant zombie (Crypt:3)
  An ugly thing (Depths:2)
  A black mamba (Lair:5)
  A water nymph (Shoals:2)
  A demonic crawler (Spider:1)
  A jumping spider (Spider:1)
  12 merfolk
  A hellwing (Crypt:3)
  A wind drake (Shoals:4)
  3 dream sheep (Shoals:4)
  A yak (Lair:4)
  A water moccasin (Lair:5)
  A floating eye (Depths:2)
  2 boggarts
  An orc priest (Vaults:2)
  2 fungi (Lair:4)
  A withered plant (Crypt:3)
51 creatures vanquished.

Vanquished Creatures (others)
  A ghost moth (Spider:4)
  A merfolk javelineer (Shoals:4)
  A deep elf mage (Elf:1)
  A merfolk siren (Shoals:3)
  A water elemental (Elf:1)
  A boggart (Vaults:1)
  A crimson imp (D:6)
  An orc wizard (Elf:1)
  An orc priest (Elf:1)
  7 orcs
  9 fungi
  23 plants
  9 withered plants
57 creatures vanquished.

Grand Total: 1973 creatures vanquished
